 Dungeon Crawl Stone Soup version 0.25-a0-785-gb22c70e859 (webtiles) character file.

Game seed: 11222030123234573772, levelgen mode: deterministic

11 mortelune the Vexing (level 2, 0/16 HPs)
             Began as a Kobold Arcane Marksman on Apr 17, 2020.
             Killed from afar by a dart slug (7 damage)
             ... with a slug dart
             ... on level 1 of the Dungeon.
             The game lasted 00:01:11 (225 turns).

mortelune the Vexing (Kobold Arcane Marksman)        Turns: 225, Time: 00:01:12

Health: 0/16       AC:  2    Str:  7    XL:     2   Next: 40%
Magic:  3/3        EV: 13    Int: 14    God:
Gold:   0          SH:  0    Dex: 15    Spells: 2/3 levels left

rFire    . . .     SeeInvis .   a - +0 hand crossbow
rCold    . . .     Gourm    .   (shield restricted)
rNeg     . . .     Faith    .   e - +0 robe
rPois    .         Spirit   .   (no helmet)
rElec    .         Reflect  .   (no cloak)
rCorr    .         Harm     .   (no gloves)
MR       .....                  (no boots)
Stlth    +.........             (no amulet)
HPRegen  0.05/turn              b - -2 ring of evasion (curse)
MPRegen  0.08/turn              (no ring)

@: no status effects
A: small, carnivore
a: no special abilities


You were on level 1 of the Dungeon.
You were full.

You visited 1 branch of the dungeon, and saw 1 of its levels.

Inventory:

Hand Weapons
 a - a +0 hand crossbow (weapon)
Missiles
 d - a bolt (quivered)
Armour
 e - a +0 robe (worn)
Jewellery
 b - a cursed -2 ring of evasion (left hand)
Comestibles
 f - a ration


   Skills:
 + Level 1.4 Fighting
 * Level 2.9 Crossbows
 + Level 2.6 Dodging
 - Level 1.1 Spellcasting
 + Level 3.1 Hexes


You had 2 spell levels left.
You knew the following spells:

 Your Spells              Type           Power        Failure   Level  Hunger
a - Corona                Hex            #......      7%          1    ##.....

Your spell library contained the following spells:

 Spells                   Type           Power        Failure   Level  Hunger
 Slow                     Hex            #.......     11%         2    ###....
 Inner Flame              Hex/Fire       #.......     38%         3    ####...
 Portal Projectile        Hex/Tloc       #.....       38%         3    ####...
 Cause Fear               Hex            #.........   56%         4    #####..
 Leda's Liquefaction      Hex/Erth       #.........   80%         4    #####..


Dungeon Overview and Level Annotations

Branches:
Dungeon (1/15)

Altars:


Innate Abilities, Weirdness & Mutations

You are small and have problems with some larger weapons.
You are carnivorous and can eat meat at any time.


Message History

It was a scroll of noise.
You hear a shout! x3; You hear an angry hiss.
The kobold hits you with a +0 club.
Really attack while wielding your +0 hand crossbow? [Y]es or [N]o only, please.
Really attack while wielding your +0 hand crossbow? [Y]es or [N]o only, please.
Really attack while wielding your +0 hand crossbow? [Y]es or [N]o only, please.
Really attack while wielding your +0 hand crossbow? [Y]es or [N]o only, please.
Really attack while wielding your +0 hand crossbow? [Y]es or [N]o only, please.
Really attack while wielding your +0 hand crossbow?
Okay, then.
The kobold closely misses you. The kobold misses you.
The kobold hits you with a +0 short sword.
The dart slug launches a dart at you. The slug dart hits you!
You die...

.......(()((.............
........##...............
......w.##รท...#.....(....
#.##........K............
#.....#######.###.....
#.....#### #.# #.#..#
#........# #.###.#...
....#......# #..##(#...
...##..@...# ##.##(#...
... #......# #.##.#... ..
#.KK...# #.##.#...
#......# #....#..#
#......# ##.###...
######## ### #... #... #..


You could see a dart slug and 2 kobolds.

Vanquished Creatures
  A leopard gecko (D:1)
  A bat (D:1)
  A giant cockroach (D:1)
  3 hobgoblins (D:1)
  A kobold (D:1)
  A frilled lizard (D:1)
  A rat (D:1)
9 creatures vanquished.

Notes
Turn   | Place    | Note
-------+----------+-------------------------------------------
     0 | D:1      | mortelune the Kobold Arcane Marksman began the quest for
                  | the Orb.
     0 | D:1      | Reached XP level 1. HP: 12/12 MP: 2/2
    52 | D:1      | Reached XP level 2. HP: 16/16 MP: 3/3
   225 | D:1      | Killed from afar by a dart slug

Levels and vault maps discovered:
D:1:      minmay_arrival_semitransparent, layout_rooms

Action                   || total
-------------------------++-------
 Fire: Hand crossbow     ||    22
  Use: Scroll            ||     2
  Eat: Chunk             ||     3
Armor: Robe              ||     6
Dodge: Dodged            ||    21

Table legend:
 A = Non-vault XP
 B = Vault XP
 C = Vault XP percentage of total XP
 D = Non-vault monster count
 E = Vault monster count
 F = Vault count percentage of total count
                 A         B        C        D         E       F
            +---------+---------+-------+---------+---------+-------
      Total |      17 |       0 |   0.0 |       9 |       0 |   0.0
            +---------+---------+-------+---------+---------+-------
        D:1 |      17 |       0 |   0.0 |       9 |       0 |   0.0
            +---------+---------+-------+---------+---------+-------
